Map: Whispers of Gold

Players

wootwoot - Winner!

  • Race: Protoss Protoss
  • Spawn Location: 5:00

DarthBear

  • Race: Protoss Protoss
  • League: Bronze
  • Spawn Location: 9:00

VOD

Have the link to the VOD?

Description

Time

  • Played on: April 1, 2025, 2 p.m.
  • Length: 3:29
Show
View Real Time Build Order
Export as new Build Order

wootwoot Protoss - Winner!

Build Orders:  

Get SALT Encoding   

  12  0:00  Probe  
  13  0:12  Probe  
  14  0:19  Pylon  
  14  0:24  Probe  
  15  0:37  Gateway  
  15  0:41  Assimilator  
  15  0:50  Pylon  
  15  1:08  Gateway  
  15  1:14  Gateway  
  15  1:29  Cybernetics Core  
  15  1:35  Probe  
  16  1:47  Probe  
  16  1:49  Warp Gate  
  17  1:54  Stalker x2  
  21  2:16  Probe  
  22  2:24  Stalker  
  22  2:28  Probe  
  25  2:35  Stalker  
  27  2:45  Pylon  
Show
View Real Time Build Order
Export as new Build Order

DarthBear Protoss 

Build Orders: Nexus First 

Get SALT Encoding   

  12  0:03  Probe  
  13  0:14  Pylon  
  13  0:15  Probe  
  14  0:23  Probe  
  15  0:33  Probe  
  16  0:59  Nexus  
  16  1:11  Gateway  
  16  1:16  Probe  
  16  1:17  Assimilator  
  16  1:24  Probe  
  18  1:34  Probe  
  18  1:39  Assimilator  
  19  1:46  Probe  
  20  1:51  Gateway  
  20  1:58  Probe  
  20  2:01  Cybernetics Core  
  21  2:07  Probe  
  21  2:09  Probe  
  21  2:15  Probe  
  23  2:17  Probe  
  25  2:24  Probe  
  25  2:27  Probe  
  27  2:33  Zealot  
  27  2:36  Probe  
  28  2:43  Stalker  
  28  2:59  Shield Battery  
  28  3:01  Pylon  
  27  3:11  Pylon  
Tags
 
League
Bronze
Matchup
PvP
Replay Pack
B2M-Replays
Spawn Locations
Cross Positions
Add a new tag
Caveats
  • Supply blocks, unpowered buildings, or Contaminate may cause inaccurate times.
  • Supply counts are checked every 10 seconds.